 Dungeon Crawl Stone Soup version 0.24.0-1-gfbc8707 (webtiles) character file.

Game seed: 14590326840759439975, levelgen mode: deterministic

37089 ArcanElement the Thaumaturge (level 13, -3/76 HPs)
             Began as a Deep Elf Wizard on Nov 6, 2019.
             Was an Elder of Sif Muna.
             Slain by Urug
             ... wielding a +3 eveningstar
              (24 damage)
             ... on level 11 of the Dungeon.
             The game lasted 01:18:40 (25562 turns).

ArcanElement the Thaumaturge (Deep Elf Wizard)     Turns: 25562, Time: 01:18:41

Health: -3/76      AC: 10    Str:  4    XL:     13   Next: 56%
Magic:  21/46      EV: 20    Int: 29    God:    Sif Muna [****..]
Gold:   294        SH:  5    Dex: 19    Spells: 6/36 levels left

rFire    + + .     SeeInvis .   k - staff of power
rCold    x . .     Gourm    .   z - +1 buckler {rPois}
rNeg     . . .     Faith    .   S - +0 robe {rF+}
rPois    +         Spirit   .   b - +0 hat
rElec    .         Reflect  .   I - +1 cloak {MR+}
rCorr    .         Harm     .   x - +2 pair of gloves
MR       ++...                  W - +2 pair of boots {Stlth+}
Stlth    +++.......             L - amulet of the acrobat
HPRegen  0.22/turn              H - +6 ring of dexterity
MPRegen  0.30/turn              g - ring of fire

@: marked, invisible
A: no striking features
a: Channel Magic, Forget Spell, Divine Exegesis, Renounce Religion


You were on level 11 of the Dungeon.
You worshipped Sif Muna.
Sif Muna was greatly pleased with you.
You were not hungry.

You visited 4 branches of the dungeon, and saw 19 of its levels.

You collected 1214 gold pieces.
You spent 920 gold pieces at shops.

Inventory:

Hand Weapons
 n - the +9 rapier of Ascent {pierce, rF++ MR+ Stlth+}
   (You found it on level 3 of the Lair of Beasts)

   It inflicts extra damage upon your enemies.
   It greatly protects you from fire.
   It affects your resistance to hostile enchantments.
   It makes you more stealthy.
Missiles
 q - 78 poisoned darts (quivered)
 E - 7 datura-tipped darts
 F - 17 curare-tipped darts
Armour
 b - a +0 hat (worn)
 x - a +2 pair of gloves (worn)
 z - a +1 buckler of poison resistance (worn)
 B - a +1 robe of cold resistance
 I - a +1 cloak of magic resistance (worn)
 M - a scarf of cloud immunity
 S - a +0 robe of fire resistance (worn)
 W - a +2 pair of boots of stealth (worn)
Magical Staves
 k - an uncursed staff of power (weapon)
Jewellery
 c - an uncursed ring of ice
 g - a ring of fire (right hand)
 t - the ring "Bemn" {rCorr SInv}
   (You bought it in a shop on level 8 of the Dungeon)

   [ring of resist corrosion]

   It lets you see invisible.
   It provides partial protection from all sources of acid and corrosion.
 H - a +6 ring of dexterity (left hand)
 L - an amulet of the acrobat (around neck)
Wands
 a - a wand of paralysis (7)
 i - a wand of iceblast (10)
 j - a wand of digging (6)
 A - a wand of scattershot (3)
 Y - a wand of disintegration (4)
Scrolls
 l - 6 scrolls of remove curse
 m - 2 scrolls of fear
 p - 4 scrolls of teleportation
 s - 3 scrolls of fog
 P - 3 scrolls of magic mapping
 U - a scroll of summoning {unknown}
Potions
 e - 2 potions of brilliance {unknown}
 f - 14 potions of curing
 o - 3 potions of flight
 v - a potion of heal wounds
 C - a potion of ambrosia
 D - a potion of resistance
 K - a potion of cancellation
 O - a potion of magic
 X - a potion of haste
 Z - a potion of lignification
Miscellaneous
 r - a fan of gales
Comestibles
 d - 24 rations


   Skills:
 - Level 7.4 Fighting
 - Level 10.9 Dodging
 - Level 2.4 Stealth
 - Level 12.1 Spellcasting
 - Level 7.2 Conjurations
 - Level 6.9 Hexes
 - Level 5.0 Charms
 - Level 6.4 Summonings
 - Level 5.0 Translocations
 - Level 5.2 Fire Magic
 - Level 6.5 Ice Magic
 - Level 5.6 Air Magic
 - Level 5.2 Poison Magic
 + Level 9.4 Invocations


You had 6 spell levels left.
You knew the following spells:

 Your Spells              Type           Power        Failure   Level  Hunger
a - Magic Dart            Conj           ####         1%          1    None
b - Blink                 Tloc           N/A          1%          2    None
c - Summon Ice Beast      Ice/Summ       ######..     3%          4    None
d - Slow                  Hex            ######..     1%          2    None
e - Mephitic Cloud        Conj/Pois/Air  ######..     1%          3    None
f - Conjure Flame         Conj/Fire      ######..     1%          3    None
g - Throw Flame           Conj/Fire      ######       1%          2    None
h - Fireball              Conj/Fire      ######....   11%         5    ##.....
k - Summon Mana Viper     Hex/Summ       ######..     9%          5    ##.....
m - Ozocubu's Armour      Chrm/Ice       ######..     1%          3    None

Your spell library contained the following spells:

 Spells                   Type           Power        Failure   Level  Hunger
 Apportation              Tloc           #####.       1%          1    None
 Confusing Touch          Hex            ######       1%          1    None
 Summon Small Mammal      Summ           ####         1%          1    None
 Call Imp                 Summ           ######..     1%          2    None
 Inner Flame              Hex/Fire       ######..     1%          3    None
 Cause Fear               Hex            ######....   3%          4    None
 Animate Skeleton         Necr           N/A          4%          1    None
 Regeneration             Chrm/Necr      ####......   5%          3    None
 Silence                  Hex/Air        ######....   11%         5    ##.....
 Yara's Violent Unravell  Hex/Tmut       #####.....   32%         5    ##.....
 Deflect Missiles         Chrm/Air       #####.....   65%         6    ####...
 Ring of Flames           Chrm/Fire      ######....   99%         7    ######.
 Discord                  Hex            ######....   100%        8    #######
 Ignition                 Fire           ######....   100%        8    #######
 Dragon's Call            Summ           ######....   100%        9    #######


Dungeon Overview and Level Annotations

Branches:
Dungeon (11/15)            Temple (1/1) D:5            Lair (6/6) D:10
 Shoals (0/4) Lair:3       Spider (0/4) Lair:2        Slime (0/5) Lair:6
    Orc (1/2) D:11

Altars:
Ashenzari
Cheibriados
Dithmenos
Elyvilon
Fedhas
Gozag
Hepliaklqana
Kikubaaqudgha
Makhleb
Nemelex Xobeh
Okawaru
Qazlal
Ru
Sif Muna
Trog
Uskayaw
Vehumet
Wu Jian
Xom
Yredelemnul
Zin
The Shining One
Jiyva

Shops:
D:8 =[   D:9 :?**(

Annotations:
D:11 Urug


Message History

Your ice beast hits Urug but does no damage.
Urug hits you with a +3 eveningstar!!
The orc warrior hits your ice beast with a +0 halberd!
Your ice beast hits the orc warrior but does no damage.
Your ice beast hits the orc warrior.
Your ice beast freezes the orc warrior!
The orc warrior dies!
Sif Muna accepts your kill.
There is a staircase back to the Dungeon, spattered with blood here.
Your ice beast hits Urug but does no damage.
The ogre hits your ice beast with a +0 giant spiked club!
Urug hits you with a +3 eveningstar!
* * * LOW HITPOINT WARNING * * *
The orc sorcerer misses you.
Your ice beast hits the orc sorcerer.
Your ice beast freezes the orc sorcerer!
You climb upwards.
Welcome back to the Dungeon!
Your summoned allies are left behind.
There is a staircase to the Orcish Mines here.
You fade into invisibility!
Urug hits you with a +3 eveningstar!!
You die...

#.......# #...#......# #.......#
#...#......# #.......#
##..#......# #.......#
#######...#....### #.......#
##..[..#...#....#.. #.......#
#..รท....#..#....#..
#.......########..[...#..+....'..
#..............#.o)[.#####....#.#
#..............#@(...#.......##.#
#..............#.o...'.......+...
#..............#######.......#...
#............................####
#..<..................####.......
#.....................#..#.......
#.......#######.......#..#.......
#.......#.....#.......#..#.......
#.......#.....#.......#..#.......


You could see Urug and an orc sorcerer.

Vanquished Creatures
  Erolcha (D:11)
  Fannar (Lair:2)
  An ice dragon (D:9)
  4 two-headed ogres
  A catoblepas (Lair:6)
  A deep troll shaman (Lair:6)
  The ghost of Sonofthefire the Martial Artist, a novice GnMo of Cheibriados (D:9)
  Sonja (D:11)
  Nergalle (Orc:1)
  A wizard (D:7)
  A manticore (D:8)
  3 black mambas
  A merfolk siren (Lair:3)
  3 centaur zombies (D:10)
  5 elephants (Lair:4)
  4 spiny frogs
  Maurice (D:11)
  A centaur skeleton (D:11)
  3 torpor snails (Lair:4)
  2 komodo dragons
  A merfolk (Lair:3)
  2 jumping spiders (Lair:2)
  A hornet (D:10)
  5 hippogriffs
  A basilisk (Lair:1)
  10 yaks
  4 vampire mosquitoes (D:10)
  2 wargs (D:11)
  A soldier ant (D:11)
  7 water moccasins
  5 porcupines
  9 orc warriors
  3 phantoms
  5 black bears
  4 ice beasts
  7 ogres
  A necrophage (D:10)
  A centaur (D:8)
  7 wolves
  3 big kobolds
  3 crocodiles
  8 bullfrogs
  A wyvern zombie (D:11)
  2 scorpions
  12 killer bees (D:10)
  10 wights
  2 howler monkeys (D:8)
  8 crimson imps
  5 hounds
  A quasit (D:8)
  A bullfrog zombie (D:7)
  A bullfrog skeleton (D:9)
  8 orc priests
  3 jellies
  10 orc wizards
  Crazy Yiuf (D:3)
  Ijyb (D:3)
  An iguana (D:9)
  16 worker ants
  2 hound zombies
  2 hound skeletons
  A howler monkey zombie (D:9)
  A worker ant zombie (D:9)
  Robin (D:3)
  5 gnolls
  6 adders
  2 shadow imps
  A white imp (D:7)
  An adder zombie (D:6)
  6 leopard geckos
  37 orcs
  8 bats
  6 giant cockroaches
  15 goblins
  14 hobgoblins
  6 quokkas
  2 frilled lizards
  2 jackal zombies (D:7)
  23 kobolds
  A quokka zombie (D:5)
  4 rats
356 creatures vanquished.

Vanquished Creatures (collateral kills)
  A dire elephant (Lair:6)
  6 death yaks (Lair:6)
  A tengu warrior (D:8)
  A lindwurm (Lair:6)
  2 ugly things (D:11)
  4 elephants
  A black mamba (Lair:5)
  2 spiny frogs (Lair:6)
  4 komodo dragons
  A rime drake (Lair:6)
  A jumping spider (Lair:2)
  8 blink frogs
  2 hippogriffs
  A shadow (D:11)
  2 vampires
  A redback (Lair:2)
  11 yaks
  2 water moccasins (Lair:5)
  2 orc warriors
  A sky beast (D:11)
  A necrophage (D:7)
  An ice beast (D:5)
  A phantom (D:4)
  9 wolves
  An ogre (D:7)
  4 crocodiles
  A scorpion (D:4)
  A killer bee (D:10)
  A crimson imp (D:5)
  A hound (D:7)
  2 gnolls (D:7)
  2 adders
  A shadow imp (D:3)
  2 worms
  3 orcs (D:3)
  A giant cockroach (D:3)
  A hobgoblin (D:3)
  A goblin (D:3)
  2 fungi
90 creatures vanquished.

Vanquished Creatures (others)
  An orc (Orc:1)
  3 fungi
  4 plants
8 creatures vanquished.

Grand Total: 454 creatures vanquished

Notes
Turn   | Place    | Note
-------+----------+-------------------------------------------
     0 | D:1      | ArcanElement the Deep Elf Wizard began the quest for the
                  | Orb.
     0 | D:1      | Reached XP level 1. HP: 10/10 MP: 7/7
   624 | D:1      | Reached XP level 2. HP: 11/16 MP: 2/9
   631 | D:1      | Learned a level 2 spell: Blink
   634 | D:1      | Learned a level 2 spell: Call Imp
   637 | D:1      | Learned a level 2 spell: Slow
   857 | D:1      | Reached skill level 1 in Fighting
  1502 | D:2      | Reached XP level 3. HP: 20/20 MP: 6/11
  1507 | D:2      | Learned a level 3 spell: Mephitic Cloud
  1626 | D:2      | Reached skill level 5 in Spellcasting
  2005 | D:2      | Found a shimmering blue altar of Sif Muna.
  2015 | D:2      | Became a worshipper of Sif Muna the Loreminder
  2777 | D:3      | Reached XP level 4. HP: 22/25 MP: 13/13
  3005 | D:3      | Found a runed translucent door.
  3005 | D:3      | Noticed Ijyb
  3012 | D:3      | Learned a level 3 spell: Conjure Flame
  3073 | D:3      | Killed Ijyb
  3250 | D:3      | Reached XP level 5. HP: 30/30 MP: 15/15
  3415 | D:3      | Noticed Crazy Yiuf
  3798 | D:3      | Found a sacrificial altar of Ru.
  3808 | D:3      | Noticed Robin
  3893 | D:3      | Killed Crazy Yiuf
  3893 | D:3      | Reached skill level 6 in Spellcasting
  4383 | D:4      | Noticed a phantom
  4391 | D:4      | Reached XP level 6. HP: 33/36 MP: 17/17
  4631 | D:4      | Reached skill level 5 in Dodging
  5020 | D:3      | Found an opulent altar of Gozag.
  5020 | D:3      | Found a white marble altar of Elyvilon.
  5027 | D:4      | Reached * piety under Sif Muna
  5290 | D:3      | Killed Robin
  5324 | D:5      | Entered Level 5 of the Dungeon
  5372 | D:5      | Found a sparkling altar of Nemelex Xobeh.
  5412 | D:5      | Noticed an ice beast
  5437 | D:5      | Killed an ice beast
  5454 | D:5      | Reached XP level 7. HP: 30/41 MP: 14/19
  5730 | D:5      | Found a glowing silver altar of Zin.
  5879 | D:5      | Found a shadowy altar of Dithmenos.
  6099 | D:5      | Found a staircase to the Ecumenical Temple.
  6260 | Temple   | Entered the Ecumenical Temple
  6390 | D:6      | Reached skill level 5 in Conjurations
  6784 | D:6      | Reached XP level 8. HP: 42/46 MP: 20/20
  6906 | D:6      | Reached skill level 7 in Spellcasting
  7405 | D:7      | Reached ** piety under Sif Muna
  7472 | D:7      | Noticed a hippogriff
  7486 | D:7      | Killed a hippogriff
  7486 | D:7      | Reached skill level 8 in Spellcasting
  7665 | D:7      | Noticed a wizard
  7671 | D:7      | Killed a wizard
  7671 | D:7      | Reached skill level 9 in Spellcasting
  7671 | D:7      | Reached XP level 9. HP: 53/53 MP: 24/24
  7954 | D:7      | Reached skill level 5 in Fighting
  8439 | D:7      | Reached *** piety under Sif Muna
  8764 | D:8      | Found a sacrificial altar of Ru.
  8886 | D:8      | Noticed a two-headed ogre
  8898 | D:8      | Killed a two-headed ogre
  8898 | D:8      | Reached skill level 10 in Spellcasting
  9003 | D:8      | Reached XP level 10. HP: 60/60 MP: 26/26
  9349 | D:8      | Noticed a tengu warrior
  9742 | D:8      | Noticed a manticore
  9841 | D:8      | Found Miug's Jewellery Emporium.
 10185 | D:8      | Reached skill level 11 in Spellcasting
 10303 | D:8      | Found Nuasezyxul's Antique Armour Shoppe.
 10306 | D:8      | Bought a runed robe for 114 gold pieces
 10364 | D:8      | Identified the cursed +0 flail of Popular Demand {vamp, rF+
                  | rN++}
 10369 | D:8      | Noticed a two-headed ogre
 10393 | D:8      | Killed a two-headed ogre
 10393 | D:8      | Reached skill level 10 in Dodging
 10408 | D:8      | Killed a manticore
 10571 | D:8      | Noticed a two-headed ogre
 10591 | D:8      | Killed a two-headed ogre
 11133 | D:9      | Found Nammept's Assorted Antiques.
 11177 | D:9      | Reached skill level 12 in Spellcasting
 11502 | D:9      | Noticed a two-headed ogre
 11502 | D:9      | Noticed Sonofthefire's ghost (novice GnMo)
 11503 | D:9      | Noticed an ice dragon
 11507 | D:9      | Found a transporter.
 11508 | D:9      | Found Cettuuwk's Weapon Shop.
 11524 | D:9      | Found a transporter.
 11661 | D:9      | Reached **** piety under Sif Muna
 11739 | D:9      | Found a shadowy altar of Dithmenos.
 11795 | D:9      | Bought a pair of embroidered boots for 172 gold pieces
 11841 | D:9      | Found Ugeopn's Magic Scroll Emporium.
 11853 | D:9      | Bought a scroll of magic mapping for 45 gold pieces
 11887 | D:9      | Found Isaeck's Book Emporium.
 12011 | D:9      | Found Tudduy's General Store.
 12076 | D:10     | Entered Level 10 of the Dungeon
 12343 | D:10     | Found a basalt altar of Yredelemnul.
 12596 | D:10     | Reached skill level 1 in Hexes
 12596 | D:10     | Reached XP level 11. HP: 65/67 MP: 25/29
 12682 | D:10     | Reached skill level 1 in Fire Magic
 12682 | D:10     | Reached skill level 1 in Air Magic
 12682 | D:10     | Reached skill level 1 in Poison Magic
 13349 | D:10     | Found a staircase to the Lair.
 13648 | Lair:1   | Entered Level 1 of the Lair of Beasts
 14289 | Lair:1   | Reached ***** piety under Sif Muna
 14451 | Lair:1   | Identified Sif Muna's Catalogue of the Supportive Blaze
                  | (Sif Muna gifted it to you on level 1 of the Lair of
                  | Beasts)
 14451 | Lair:1   | Received a gift from Sif Muna
 14528 | Lair:1   | Learned a level 4 spell: Summon Ice Beast
 14876 | Lair:2   | Noticed Fannar
 14999 | Lair:1   | Reached skill level 1 in Ice Magic
 15474 | Lair:2   | Found a hole to the Spider Nest.
 15845 | Lair:2   | Killed Fannar
 15845 | Lair:2   | Reached skill level 5 in Hexes
 16546 | Lair:3   | Found a staircase to the Shoals.
 16574 | Lair:3   | Reached XP level 12. HP: 67/72 MP: 27/30
 16671 | Lair:3   | Got an ichor-stained rapier
 16672 | Lair:3   | Identified the +9 rapier of Ascent {pierce, rF++ MR+
                  | Stlth+} (You found it on level 3 of the Lair of Beasts)
 17213 | Lair:4   | Found a snail-covered altar of Cheibriados.
 17292 | Lair:4   | Reached skill level 5 in Summonings
 17292 | Lair:4   | Reached skill level 5 in Translocations
 17448 | Lair:4   | Reached skill level 5 in Fire Magic
 17448 | Lair:4   | Reached skill level 5 in Poison Magic
 17803 | Lair:4   | Reached skill level 5 in Air Magic
 18014 | Lair:4   | Reached skill level 5 in Ice Magic
 19832 | Lair:5   | Learned a level 5 spell: Summon Mana Viper
 19833 | Lair:6   | Entered Level 6 of the Lair of Beasts
 20230 | Lair:6   | Identified Sif Muna's Catalogue of Aid and the Arsonist
                  | (Sif Muna gifted it to you on level 6 of the Lair of
                  | Beasts)
 20230 | Lair:6   | Received a gift from Sif Muna
 20383 | Lair:6   | Learned a level 2 spell: Throw Flame
 20387 | Lair:6   | Learned a level 3 spell: Ozocubu's Armour
 20393 | Lair:6   | Learned a level 5 spell: Fireball
 20573 | Lair:6   | Reached skill level 1 in Charms
 20796 | Lair:1   | Identified 3 scrolls of acquirement
 21207 | Lair:6   | Found a viscous altar of Jiyva.
 21208 | Lair:6   | Found a staircase to the Slime Pits.
 21466 | Lair:6   | Noticed a death yak
 21468 | Lair:6   | Noticed a death yak
 21471 | Lair:6   | Noticed a death yak
 21474 | Lair:6   | Noticed a death yak
 21475 | Lair:6   | Noticed a death yak
 21476 | Lair:6   | Noticed a death yak
 21481 | Lair:6   | Killed a death yak
 21482 | Lair:6   | Killed a death yak
 21482 | Lair:6   | Reached skill level 5 in Charms
 21484 | Lair:6   | Killed a death yak
 21484 | Lair:6   | Reached skill level 1 in Invocations
 21484 | Lair:6   | Reached XP level 13. HP: 57/76 MP: 6/31
 21869 | Lair:6   | Noticed a dire elephant
 21888 | Lair:6   | Killed a dire elephant
 21955 | Lair:6   | Reached skill level 5 in Invocations
 22384 | D:8      | Bought the ring "Bemn" {rCorr SInv} for 499 gold pieces
 22592 | D:9      | Killed Sonofthefire's ghost
 23485 | D:11     | Noticed Sonja
 23489 | D:11     | Killed Sonja
 23926 | D:11     | Noticed Maurice
 23935 | D:11     | Killed Maurice
 24215 | D:11     | Found a staircase to the Orcish Mines.
 24359 | D:11     | Noticed Erolcha
 24364 | D:11     | Killed Erolcha
 25026 | D:9      | Bought a scroll of identify for 30 gold pieces
 25026 | D:9      | Bought a scroll of identify for 30 gold pieces
 25026 | D:9      | Bought a scroll of identify for 30 gold pieces
 25182 | Orc:1    | Entered Level 1 of the Orcish Mines
 25182 | Orc:1    | Noticed Nergalle
 25188 | Orc:1    | Killed Nergalle
 25456 | Orc:1    | Noticed Urug
 25562 | D:11     | Slain by Urug

Levels and vault maps discovered:
D:1:      matt_arrival_diagonals, layout_basic, minivault_23
D:2:      layout_basic, nicolae_overflow_crystal_walls, first_ration
D:3:      layout_basic, nicolae_overflow_hidden_temple, uniq_crazy_yiuf_cottage,
          uniq_ijyb, uniq_robin
D:4:      minmay_diamond_boxcup, layout_rooms, minivault_25
D:5:      layout_rooms, zin_scriptorium, grunt_dithmenos_shadows, temple_green,
          serial_curves, eino_curves_03, eino_curves_03,
          nemelex_spade_bored_becter
D:6:      layout_basic
D:7:      cheibrodos_wizards_tower, layout_basic, minmay_fire_ice_demons
D:8:      layout_loops_ring, serial_shops, kennysheep_mini_moat, shop,
          basic_altar, grunt_ogre_cave, nicolae_sextant, minmay_pinched_square
D:9:      layout_irregular_city, basic_altar, gammafunk_ghost_arena,
          serial_shops, nicolae_shop_waterfront, shop, shop,
          nicolae_shop_window_shopping, kennysheep_mini
D:10:     layout_basic, david_lair_shrubbed, basic_altar, dk_vineyard_2
D:11:     layout_gridville, orc_0_dummy, uniq_erolcha, uniq_maurice, uniq_sonja
Temple:   nicolae_temple_x_marks_the_god
Lair:1:   layout_long_grid
Lair:2:   layout_regular_city, spider_nest_entry_a, uniq_fannar
Lair:3:   layout_concentric_octagons, elwin_shoals_entry_rooms
Lair:4:   layout_gridlike, kennysheep_snail_temple
Lair:5:   layout_long_grid, serial_bayou_shore_b, grunt_megastairs_1
Lair:6:   grunt_lair_end_beastmaster, layout_regular_city,
          dpeg_slime_entry_enclosed_altar, chequers_serial_rivers_small_3
Orc:1:    layout_diamond_mine, basic_altar, mines1_david, uniq_urug,
          uniq_nergalle

Skill      XL: |  1  2  3  4  5  6  7  8  9 10 11 12 13 |
---------------+----------------------------------------+-----
Fighting       | 1 2 3 4 6 7 |  7.4
Dodging        | 3 4 5 7 9 10 | 10.9
Spellcasting   | 5 6 9 10 12 | 12.1
Conjurations   | 3 7 |  7.2
Hexes          | 1 5 6 |  6.9
Fire Magic     | 4 5 |  5.2
Air Magic      | 3 5 |  5.6
Poison Magic   | 4 5 |  5.2
Summonings     | 4 6 |  6.4
Translocations | 4 5 |  5.0
Ice Magic      | 2 6 |  6.5
Charms         | 5 |  5.0
Invocations    | 1 9 |  9.4
Stealth        | |  2.4

Action                   |  1- 3 |  4- 6 |  7- 9 | 10-12 | 13-15 || total
-------------------------+-------+-------+-------+-------+-------++-------
Melee: Unarmed           |     1 |       |       |       |       ||     1
       Dagger            |     6 |       |       |       |       ||     6
       Staff             |       |     4 |     5 |    24 |     3 ||    36
       Quarterstaff      |       |       |     1 |     1 |       ||     2
       Rapier            |       |       |       |     4 |       ||     4
 Cast: Magic Dart        |    92 |   162 |   319 |   856 |     4 ||  1433
       Call Imp          |     9 |    22 |    17 |     2 |       ||    50
       Mephitic Cloud    |     1 |     9 |    12 |    57 |    12 ||    91
       Blink             |     1 |     5 |     1 |    10 |     2 ||    19
       Conjure Flame     |       |     6 |    16 |   107 |    11 ||   140
       Slow              |       |       |       |     4 |       ||     4
       Summon Ice Beast  |       |       |       |    76 |    14 ||    90
       Throw Flame       |       |       |       |    22 |   111 ||   133
       Summon Mana Viper |       |       |       |    10 |    15 ||    25
       Fireball          |       |       |       |     1 |    20 ||    21
Evoke: Wand              |       |       |     1 |     8 |       ||     9
  Use: Scroll            |     4 |     3 |     3 |    17 |     7 ||    34
       Potion            |       |     1 |     1 |     4 |     2 ||     8
 Stab: Sleeping          |     6 |       |       |     1 |       ||     7
       Confused          |       |       |     1 |     2 |       ||     3
  Eat: Chunk             |     5 |     8 |    11 |    31 |     8 ||    63
       Ration            |       |       |       |     2 |     2 ||     4
Armor: Robe              |     5 |    10 |     2 |    58 |     9 ||    84
Dodge: Dodged            |    13 |    64 |    45 |   244 |    65 ||   431
Block: Buckler           |       |       |       |       |    13 ||    13
